[Event "CIS Master Groups 2024"]
[Site "Vasto"]
[Date "2024.04.12"]
[Round "7.13"]
[White "Stella, Andrea"]
[Black "Shevchenko, Kirill"]
[Result "0-1"]
[ECO "A70"]
[WhiteElo "2403"]
[BlackElo "2675"]
[Annotator "TA"]
[PlyCount "59"]
[EventDate "2024.04.07"]
[EventType "team-tourn"]
[EventCountry "ITA"]
[SourceTitle "playchess.com"]
[Source "ChessBase"]
[SourceQuality "1"]
[TimeControl "40/5400+30:900+30"]

1. d4 Nf6 2. c4 c5 3. d5 e6 4. Nc3 exd5 5. cxd5 d6 6. Nf3 g6 7. h3 Bg7 8. e4 O-O 9. Bd3 Re8 10. O-O Nbd7 11. Re1 Ne5 12. Nxe5 Rxe5 {[%emt 0:00:06] White is slightly better.} 13. f4 Re7 14. a4 Bd7 15. e5 dxe5 16. fxe5 {[%emt 0:14:23][%cal Oc1g5] Bg5! would now be deadly.} Qe8 $1 {[%emt 0:04:05] [#]} (16... Nh5 $2 17. Bg5 h6 (17... Bxe5 $2 18. Rxe5 f6 19. Rxe7 $18) 18. Bh4 $18 (18. Bxe7 Qxe7 19. Bb5 Bxb5 $18)) 17. e6 fxe6 18. Bg5 (18. d6 Rf7 $16) 18... Nh5 {[%emt 0:17:45] [#]} 19. g4 $2 {[%emt 0:18:44][%mdl 8192] [#]} (19. Bc4 $1 $16) 19... Qb8 (19... Bd4+ $1 $19 {has better winning chances.} 20. Kg2 (20. Kh1 Ng3+) 20... Rf7) 20. d6 $2 (20. Bxe7 Qg3+ 21. Kf1 Qxh3+ 22. Kf2 Bd4+) (20. Ne2 $17 {was called for.} Nf6 21. dxe6) 20... Bd4+ 21. Kg2 $2 (21. Kh1 Ng3+ (21... Bc6+ $2 22. Ne4 $19) 22. Kg2) 21... Rf7 $19 22. Rf1 {[%emt 0:01:09] Against Rf2+} (22. gxh5 Rf2+ 23. Kg3 Qxd6+ (23... Rxb2 $2 24. Ne4 $18) 24. Kh4 h6 (24... Rxb2 25. Ne4 $11) (24... Qh2 25. Qg4 Rg2 26. Re3 Bxe3 27. Bxe3 Rxg4+ 28. Kxg4 Qg2+ 29. Kh4 g5+ 30. Bxg5 Qf2+ 31. Kg4 e5+ 32. Bf5 Bxf5#) (24... Rf4+ 25. Kg3 Rf1+ 26. Re5 Qxe5+ 27. Kg4 gxh5+ 28. Kh4 Bf2+ 29. Kxh5 Be8+ 30. Bg6 Bxg6+ 31. Kh6 Qg7#) 25. Qg4 hxg5+ 26. Qxg5 Rf4+ (26... Rxb2 $2 27. Qxg6+ Kf8 28. Qh6+ Ke8 29. Ne4 $19) (26... Rxb2 $2 27. Qxg6+ Kf8 28. Ne4 $19)) (22. Ne4 $142 Nf4+ 23. Bxf4 Rxf4 24. Bb5) 22... Rxf1 {[%emt 0:01:41] Black is clearly winning.} 23. Qxf1 Qxd6 24. Ne4 {[%emt 0:00:24] [#] Wards off Qg3+} Bc6 $1 25. gxh5 Rf8 26. Qe2 Rf2+ 27. Qxf2 Bxf2 28. Kxf2 Qxd3 29. Nf6+ Kf7 30. Ke1 {[%emt 0:02:14] Weighted Error Value: White=1.41/Black=0.54.  Loses game:     	White=2     	---        Mistake:       	White=2     	Black=2      OK:         	White=4     	Black=5      Best:        	---       	Black=1      Strong:       	---       	Black=1      Brilliant:      	White=1     	---} 0-1

[Event "CIS Master Groups 2024"]
[Site "Vasto"]
[Date "2024.04.12"]
[Round "7.14"]
[White "Lodici, Lorenzo"]
[Black "Dardha, Daniel"]
[Result "1/2-1/2"]
[ECO "B28"]
[WhiteElo "2565"]
[BlackElo "2630"]
[Annotator "RC"]
[PlyCount "58"]
[EventDate "2024.04.07"]
[EventType "team-tourn"]
[EventCountry "ITA"]
[SourceTitle "playchess.com"]
[Source "ChessBase"]
[SourceQuality "1"]
[TimeControl "40/5400+30:900+30"]

1. e4 c5 2. Nf3 a6 3. c4 Nc6 4. d4 cxd4 5. Nxd4 Nf6 6. Nc3 e5 7. Nf5 d5 8. cxd5 Bxf5 9. exf5 Nd4 10. Bg5 Be7 11. Bd3 Nxd5 12. Bxe7 Nxe7 13. Qg4 O-O 14. O-O Qd7 15. Rae1 f6 16. f4 Ndxf5 17. Bxf5 Nxf5 18. fxe5 fxe5 19. Qc4+ Qf7 20. Qxf7+ Rxf7 21. Rxe5 Ne7 22. Rfe1 Nc6 23. Re8+ Rf8 24. Rxa8 Rxa8 25. Nd5 Kf7 26. Rf1+ Kg6 27. Nf4+ Kh6 28. Rd1 Re8 29. Rd7 Re4 1/2-1/2

[Event "CIS Master Groups 2024"]
[Site "Vasto"]
[Date "2024.04.12"]
[Round "7.15"]
[White "Basso, Pier Luigi"]
[Black "Barp, Alberto"]
[Result "1/2-1/2"]
[ECO "C95"]
[WhiteElo "2507"]
[BlackElo "2470"]
[Annotator "TA"]
[PlyCount "55"]
[EventDate "2024.04.07"]
[EventType "team-tourn"]
[EventCountry "ITA"]
[SourceTitle "playchess.com"]
[Source "ChessBase"]
[SourceQuality "1"]
[TimeControl "40/5400+30:900+30"]

1. e4 e5 2. Nf3 Nc6 3. Bb5 a6 4. Ba4 Nf6 5. O-O Be7 6. Re1 b5 7. Bb3 d6 8. c3 O-O 9. h3 Nb8 10. d4 Nbd7 11. Nbd2 Bb7 12. Bc2 Re8 13. Nf1 Bf8 14. Ng3 g6 15. b3 Bg7 16. d5 Qb8 17. Rb1 c6 18. c4 Qc7 {[%emt 0:02:03] The position is equal.} 19. Bg5 Rec8 20. Rc1 bxc4 21. bxc4 a5 22. Qd2 ({White should try} 22. Be3 $14) 22... Nc5 $11 23. Be3 {[%emt 0:02:30] Threatens to win with Bxc5.} Nfd7 24. Bh6 Qd8 25. Bg5 Bf6 {[%emt 0:03:03] Black is slightly better.} 26. Be3 Ba6 27. Bb1 Rab8 28. Nf1 {[%emt 0:22:38] Weighted Error Value: White=0.14 (very precise) /Black=0.04 (flawless) .  Mistake:       	White=1     	---        Inaccurate:     	White=1     	---        OK:         	White=2     	Black=7      Best:        	---       	Black=1} 1/2-1/2

[Event "CIS Master Groups 2024"]
[Site "Vasto"]
[Date "2024.04.12"]
[Round "7.16"]
[White "Cappelletto, Joshuaede"]
[Black "Ballotti, Luca"]
[Result "1-0"]
[ECO "C54"]
[WhiteElo "2306"]
[BlackElo "2223"]
[Annotator "RC"]
[PlyCount "77"]
[EventDate "2024.04.07"]
[EventType "team-tourn"]
[EventCountry "ITA"]
[SourceTitle "playchess.com"]
[Source "ChessBase"]
[SourceQuality "1"]
[TimeControl "40/5400+30:900+30"]

1. e4 e5 2. Nf3 Nc6 3. Bc4 Bc5 4. c3 Nf6 5. d4 exd4 6. b4 Bb6 7. e5 d5 8. exf6 dxc4 9. Qe2+ Be6 10. b5 Na5 11. fxg7 Rg8 12. Nxd4 Qd5 13. Nxe6 fxe6 14. Bh6 O-O-O 15. O-O e5 16. Qg4+ Kb8 17. Na3 Qf7 18. Qe4 Qh5 19. Qxh7 Bc5 20. Nc2 Be7 21. Ne3 Bg5 22. Rad1 Rde8 23. Nf5 c6 24. Rd6 cxb5 25. Qg6 Qxg6 26. Rxg6 Be7 27. h4 Nc6 28. h5 b4 29. Be3 Bf8 30. h6 Bxg7 31. Rxg7 a5 32. Rxg8 Rxg8 33. Nd6 Rh8 34. cxb4 Nxb4 35. Nxc4 Nxa2 36. Ra1 Nc3 37. Rxa5 b5 38. Nxe5 b4 39. Nc6+ 1-0

[Event "CIS Master Groups 2024"]
[Site "Vasto"]
[Date "2024.04.12"]
[Round "7.17"]
[White "Sala, Giulia"]
[Black "Milliet, Sophie"]
[Result "1/2-1/2"]
[ECO "B34"]
[WhiteElo "1994"]
[BlackElo "2392"]
[Annotator "RC"]
[PlyCount "181"]
[EventDate "2024.04.07"]
[EventType "team-tourn"]
[EventCountry "ITA"]
[SourceTitle "playchess.com"]
[Source "ChessBase"]
[SourceQuality "1"]
[TimeControl "40/5400+30:900+30"]

1. e4 c5 2. Nf3 d6 3. d4 cxd4 4. Nxd4 Nf6 5. Nc3 Nc6 6. Nb3 g6 7. Bd3 Bg7 8. O-O O-O 9. f4 a6 10. a4 Nb4 11. Kh1 Nxd3 12. cxd3 Bg4 13. Qe1 Qb6 14. Ra3 Be6 15. Be3 Qb4 16. Bd2 Bxb3 17. Nd5 Qd4 18. Nxe7+ Kh8 19. Rxb3 Rfe8 20. Rxb7 Qxd3 21. e5 Ne4 22. Bb4 a5 23. Ba3 Qa6 24. Rb5 f5 25. Qh4 dxe5 26. fxe5 Bxe5 27. Rc1 Qf6 28. Qxf6+ Bxf6 29. Nd5 Rac8 30. Rxc8 Rxc8 31. Nc3 Nxc3 32. bxc3 Bxc3 33. Kg1 Rc4 34. Rb8+ Kg7 35. Rb7+ Kf6 36. Bf8 Bd4+ 37. Kf1 Rxa4 38. Bg7+ Ke6 39. Bxd4 Rxd4 40. Rxh7 Rd7 41. Rh6 Kf6 42. Rh4 Ra7 43. Ra4 Ke5 44. g4 fxg4 45. Ke2 Ra6 46. Ke3 Kf5 47. Kf2 Ra8 48. Ke2 Kg5 49. Kf2 Ra6 50. Kg3 Kf5 51. Kf2 Ra7 52. Ke2 Re7+ 53. Kf2 Re5 54. Kg3 g5 55. Kf2 Rb5 56. Kg3 Kg6 57. Ra1 Rc5 58. Ra2 Rd5 59. Ra4 Kf5 60. Ra3 Ke4 61. Kxg4 Kd4 62. Kf3 Kc4 63. Ke4 Kb4 64. Ra1 Rd2 65. Rb1+ Kc3 66. Ra1 Kb4 67. Rb1+ Ka3 68. Ra1+ Ra2 69. Rg1 a4 70. Kd3 Rxh2 71. Rxg5 Kb2 72. Rb5+ Ka2 73. Kc3 Rh8 74. Rc5 a3 75. Kc2 Rb8 76. Rc3 Rb2+ 77. Kc1 Rb1+ 78. Kc2 Rh1 79. Rc8 Rh2+ 80. Kc1 Rh1+ 81. Kc2 Rh3 82. Rc7 Rh2+ 83. Kc1 Ka1 84. Rc3 Rh1+ 85. Kc2 Ka2 86. Rc8 Rh2+ 87. Kc1 Kb3 88. Rb8+ Kc4 89. Kb1 Rb2+ 90. Rxb2 axb2 91. Kxb2 1/2-1/2

[Event "CIS Master Groups 2024"]
[Site "Vasto"]
[Date "2024.04.12"]
[Round "7.18"]
[White "Gueci, Tea"]
[Black "Cassi, Elisa"]
[Result "1-0"]
[ECO "C95"]
[WhiteElo "2205"]
[BlackElo "2005"]
[Annotator "TA"]
[PlyCount "121"]
[EventDate "2024.04.07"]
[EventType "team-tourn"]
[EventCountry "ITA"]
[SourceTitle "playchess.com"]
[Source "ChessBase"]
[SourceQuality "1"]
[TimeControl "40/5400+30:900+30"]

1. e4 e5 2. Nf3 Nc6 3. Bb5 a6 4. Ba4 Nf6 5. O-O Be7 6. Re1 b5 7. Bb3 d6 8. c3 O-O 9. h3 Nb8 10. d4 Nbd7 11. c4 c6 12. Qc2 Bb7 13. a3 Rc8 14. Nc3 {[%emt 0:03:46] White is slightly better.} Re8 15. dxe5 Nxe5 16. Nxe5 dxe5 17. Be3 Qc7 18. Ba2 a5 19. cxb5 cxb5 20. Qb3 Qc4 21. Qxc4 (21. Nxb5 Qxe4 22. Qxf7+ Kh8 $11) 21... bxc4 22. f3 Nd7 23. Red1 Red8 (23... Nc5 $1 $14) 24. Rac1 $16 {[%emt 0:02:16] White is more active.} Nf8 25. Bb6 Rxd1+ 26. Nxd1 Ba6 27. Bxa5 Bg5 {[%emt 0:00:24] [#]} 28. Rb1 Ne6 29. g3 {[%emt 0:02:07] Wards off Nf4} Nd4 30. Kf2 f5 31. Nc3 Rf8 32. Bb4 Rf7 33. Kg2 h5 34. h4 Bh6 35. Nd5 ({Better is} 35. exf5 $18 {And now Nd5 would win.} Nc2 36. Bc5) 35... Kh7 (35... fxe4 $16 36. fxe4 Nc2) 36. Bc3 (36. Rd1 $18) 36... f4 $2 (36... fxe4 $16 {might work better.} 37. fxe4 Ne2) 37. Rd1 $18 {[%emt 0:01:52] Black must now prevent gxf4.} fxg3 38. Bxd4 exd4 39. Rxd4 Bc1 40. Bxc4 Bxb2 41. Rd2 Bxc4 42. Rxb2 {[%emt 0:00:07][%mdl 4096] Endgame. KRB-KRN} Ra7 43. Nb6 ({Don't do} 43. Kxg3 $6 Rxa3 44. Nf4 Ra5 $18) 43... Bd3 44. a4 ({Weaker is} 44. Kxg3 Rxa3 45. Kf4 Ra7 $18) 44... Ra6 45. Kxg3 Kg6 46. Kf4 Ra5 47. Ke3 Ba6 48. Kd4 {[%emt 0:00:00] Prevents Rc5.} Kf7 49. f4 g6 50. Rb4 Ke6 $2 (50... Be2 51. Nd7 Ra6) 51. Nd5 Bc8 52. Nb6 (52. Rb6+ Kf7 53. Nc3 Be6 54. Rb7+ Kf8 55. Rb8+ Kf7 $18) (52. Kc3 $142) 52... Ba6 $1 53. Nc4 {[%emt 0:00:38] White is clearly winning.} Bxc4 54. Kxc4 {[%emt 0:00:16] [#] Rb6+ would now be deadly. KR-KR} Ra8 55. Rb6+ Kd7 56. Rxg6 Rxa4+ 57. Kd5 {[%emt 0:00:12] Rg7+ is the strong threat.} Ra5+ 58. Kd4 Ra4+ 59. Ke5 Ra5+ 60. Kf6 Ra4 61. Kf5 {[%emt 0:00:22] Weighted Error Value: White=0.32/Black=0.30.  Loses game:     	---       	Black=1      Mistake:       	White=2     	Black=3      Inaccurate:     	White=4     	Black=5      OK:         	White=22    	Black=12     Best:        	White=1     	Black=1      Strong:       	---       	Black=1} 1-0

[Event "CIS Master Groups 2024"]
[Site "Vasto"]
[Date "2024.04.12"]
[Round "7.19"]
[White "Andolfatto, Maria"]
[Black "Grimaldi, Angela Flavia"]
[Result "1-0"]
[ECO "B36"]
[WhiteElo "2052"]
[BlackElo "1983"]
[Annotator "TA"]
[PlyCount "95"]
[EventDate "2024.04.07"]
[EventType "team-tourn"]
[EventCountry "ITA"]
[SourceTitle "playchess.com"]
[Source "ChessBase"]
[SourceQuality "1"]
[TimeControl "40/5400+30:900+30"]

1. Nf3 c5 2. c4 g6 3. d4 cxd4 4. Nxd4 Nc6 5. e4 Nf6 6. Nc3 d6 7. Be2 Nxd4 8. Qxd4 Bg7 9. O-O O-O 10. h3 (10. Bg5 $14) 10... Be6 $11 11. Qd3 Rc8 12. Nd5 $1 {[%emt 0:01:30] The position is equal.} Bxd5 13. cxd5 Nd7 14. Bg4 Nc5 15. Qe2 Ra8 16. Rb1 h5 17. Bf3 a5 18. Be3 Qb6 19. Rfc1 Rfc8 20. b3 Qa7 21. a3 {[%emt 0:05:53] [#] Black must now prevent b4.} Qa6 22. Qxa6 Nxa6 23. Rxc8+ Rxc8 24. Be2 Nc5 25. f3 Ra8 26. Bb5 Rc8 27. Kf1 Bf6 28. Ke2 Kg7 29. b4 axb4 30. axb4 Na6 31. Bd2 $36 {[%emt 0:00:51][%mdl 2048] White has the initiative.} Rc2 32. Kd3 {[%emt 0:01:07] Wards off Bc3} Rc8 {[%emt 0:00:40] [#] This costs Black the game.} (32... Ra2 $11) 33. Bxa6 $1 $18 bxa6 {[%emt 0:00:04][%mdl 4096] Endgame. KRB-KRB} 34. Rb3 Rb8 35. Ra3 Rb6 36. Kc4 {[%emt 0:00:27] Threatens to win with Be3.} Bb2 $2 (36... Kf8 37. Be3 Rb8 38. Rxa6 Rd8) 37. Ra2 Be5 38. Be3 Rb7 39. Rxa6 f5 40. Ra7 Rxa7 41. Bxa7 {[%emt 0:15:10] KB-KB} Bg3 42. Bd4+ Kf7 43. b5 Ke8 44. b6 {[%emt 0:00:00] White mates.} Kd7 45. Kb5 e5 46. Bg1 Bh4 47. b7 Kc7 48. Ka6 {[%emt 0:00:00] Weighted Error Value: White=0.06 (flawless) /Black=0.45.  Loses game:     	---       	Black=1      Mistake:       	---       	Black=1      Inaccurate:     	White=3     	Black=5      OK:         	White=17    	Black=6      Best:        	White=1     	---        Strong:       	White=2     	---} 1-0

[Event "CIS Master Groups 2024"]
[Site "Vasto"]
[Date "2024.04.12"]
[Round "7.20"]
[White "Martinelli, Valeria"]
[Black "Bordin, Silvia"]
[Result "1-0"]
[ECO "D30"]
[WhiteElo "2034"]
[BlackElo "1978"]
[Annotator "TA"]
[PlyCount "65"]
[EventDate "2024.04.07"]
[EventType "team-tourn"]
[EventCountry "ITA"]
[SourceTitle "playchess.com"]
[Source "ChessBase"]
[SourceQuality "1"]
[TimeControl "40/5400+30:900+30"]

1. c4 e6 2. Nf3 d5 3. d4 c5 4. cxd5 exd5 5. g3 Nf6 6. Bg2 Nc6 7. O-O c4 8. b3 cxb3 9. Qxb3 Be7 10. Bg5 O-O 11. Bxf6 Bxf6 12. e3 Rb8 13. Nc3 {[%emt 0:02:05] White is slightly better.} Be6 14. Ne1 Na5 15. Qd1 Rc8 16. Rc1 Be7 17. Nd3 (17. Nxd5 Rxc1 18. Nxe7+ Qxe7 $11) 17... Ba3 18. Rc2 Nc4 (18... Qd7 $11) 19. Nf4 {[%emt 0:09:57][%cal Rc3d5] Excellent horsemanship.} Nb2 {[%emt 0:13:18] This costs Black the game.} (19... Bf5 $14) 20. Qe2 $18 Bf5 (20... Qd7 {is a better defense.} 21. Ncxd5 Bg4) 21. Rxb2 Rxc3 22. Rxb7 Qa5 (22... Bd6 {keeps fighting.} 23. Nxd5 (23. Bxd5 Bxf4 24. Qf3 Bg4 $17) 23... Ra3) 23. Rb5 ({Not} 23. Bxd5 Bd6 $18) ({But not} 23. Nxd5 Rcc8 24. Qh5 g6 $18) 23... Qa4 {[%emt 0:01:45] [#] aiming for ...Rc2.} 24. Rxd5 Bc8 (24... Bg6 $142 25. Nxg6 hxg6) 25. Qh5 Qc2 26. Rg5 (26. Re5 $142 {And now Be4 would win.} Bd6 27. Be4) 26... g6 $2 (26... Rc7 27. Ra5 Bb4) 27. Qh6 {[%emt 0:03:11] [#] Threatening mate with Nh5.} Rc7 28. Ra5 Qb2 $2 (28... Be7 $18 29. Nd5 Rb7 30. Nxe7+ Rxe7) 29. Nd5 (29. Rh5 $142 Re8 30. Qxh7+ Kf8 31. Nd5 Qxf2+ 32. Rxf2 Rc1+ 33. Bf1 Rxf1+ 34. Rxf1 f5 35. Qh8+ (35. Qxg6 Be6 36. Rh8+ Bg8 37. Rxg8#) 35... Kf7 36. Rh7+ Ke6 37. Qe5#) 29... Rc6 30. Rxa7 Re6 31. Qh4 {[%emt 0:01:17] Hoping for Be4.} h5 $2 (31... Ba6 32. Bh3 Rc6 33. Nf6+ Kg7) 32. Qg5 Kg7 33. Nf4 {[%emt 0:00:25][%csl LRe6,LRh5] Weighted Error Value: White=1.02/Black=1.05.  Mistake:       	White=1     	Black=7      Inaccurate:     	White=3     	Black=2      OK:         	White=9     	Black=6      Best:        	White=2     	Black=2} 1-0

[Event "CIS Master Groups 2024"]
[Site "Vasto"]
[Date "2024.04.12"]
[Round "7.21"]
[White "Socko, Monika"]
[Black "Osmak, Yuliia"]
[Result "1/2-1/2"]
[ECO "D05"]
[WhiteElo "2428"]
[BlackElo "2459"]
[Annotator "TA"]
[PlyCount "49"]
[EventDate "2024.04.07"]
[EventType "team-tourn"]
[EventCountry "ITA"]
[SourceTitle "playchess.com"]
[Source "ChessBase"]
[SourceQuality "1"]
[TimeControl "40/5400+30:900+30"]

1. d4 d5 2. Nf3 Nf6 3. e3 e6 4. Bd3 b6 5. O-O Bb7 6. b3 Be7 7. Bb2 O-O 8. Nbd2 Nbd7 9. Qe2 Ne4 10. c4 a5 11. Rfd1 a4 12. cxd5 exd5 13. bxa4 Rxa4 14. Bb5 Ra5 15. Nxe4 dxe4 16. Ne5 Nf6 17. a4 Nd5 18. Rac1 Bd6 19. Qg4 (19. Qc2 $5) 19... f5 20. Qh3 Rf6 21. g3 Ra8 22. Nd7 Rf7 23. Ne5 Rf6 24. Nd7 Rf7 25. Ne5 {[%emt 0:00:43] Weighted Error Value: White=0.14 (very precise) /Black=0.09 (flawless) .  Inaccurate:     	White=3     	Black=2      OK:         	White=7     	Black=5      Best:        	White=2     	Black=3} 1/2-1/2

[Event "CIS Master Groups 2024"]
[Site "Vasto"]
[Date "2024.04.12"]
[Round "7.22"]
[White "Brunello, Marina"]
[Black "Zimina, Olga"]
[Result "1-0"]
[ECO "C24"]
[WhiteElo "2353"]
[BlackElo "2299"]
[Annotator "RC"]
[PlyCount "127"]
[EventDate "2024.04.07"]
[EventType "team-tourn"]
[EventCountry "ITA"]
[SourceTitle "playchess.com"]
[Source "ChessBase"]
[SourceQuality "1"]
[TimeControl "40/5400+30:900+30"]

1. e4 e5 2. Nf3 Nc6 3. Bc4 Nf6 4. d3 d5 5. exd5 Nxd5 6. O-O Nb6 7. Bb5 Bd6 8. Bxc6+ bxc6 9. Nxe5 Bxe5 10. Re1 Qe7 11. Kh1 Bb7 12. f4 O-O-O 13. fxe5 Rhe8 14. Nc3 c5 15. Bf4 Kb8 16. a4 a6 17. Bg3 Nd7 18. Qg4 Qe6 19. Qxe6 Rxe6 20. Re2 Rde8 21. Rae1 h6 22. b3 Bc6 23. Ne4 R6e7 24. Kg1 Nxe5 25. Nc3 f6 26. Bf2 Rd8 27. Bxc5 Red7 28. d4 Ng6 29. Re6 Kb7 30. g3 Nf8 31. R6e3 h5 32. b4 Kc8 33. b5 axb5 34. axb5 Bb7 35. b6 Bc6 36. Rb1 Ng6 37. bxc7 Rh8 38. Rb8+ Kxc7 39. Rxh8 Nxh8 40. Na2 Nf7 41. Nb4 Bb7 42. c4 Nh6 43. d5 Nf5 44. Re6 Nd6 45. Bxd6+ Rxd6 46. Re7+ Rd7 47. Rxd7+ Kxd7 48. c5 Kc7 49. Kf2 Bc8 50. h4 g5 51. Ke3 Bf5 52. Kd4 Kd7 53. Nd3 Ke7 54. Nb2 Bh3 55. Nc4 Bg2 56. Ne3 Bh3 57. Ke4 Kd7 58. Nf5 Bg2+ 59. Kd4 Bh3 60. c6+ Kc7 61. Ng7 Kd6 62. Nxh5 Ke7 63. hxg5 fxg5 64. Ke4 1-0

[Event "CIS Master Groups 2024"]
[Site "Vasto"]
[Date "2024.04.12"]
[Round "7.23"]
[White "Paolillo, Gaia"]
[Black "Maione, Melissa"]
[Result "1/2-1/2"]
[ECO "E67"]
[WhiteElo "2057"]
[BlackElo "1936"]
[Annotator "TA"]
[PlyCount "41"]
[EventDate "2024.04.07"]
[EventType "team-tourn"]
[EventCountry "ITA"]
[SourceTitle "playchess.com"]
[Source "ChessBase"]
[SourceQuality "1"]
[TimeControl "40/5400+30:900+30"]

1. Nf3 Nf6 2. c4 g6 3. Nc3 d6 4. d4 Bg7 5. g3 O-O 6. Bg2 c6 7. O-O Nbd7 8. h3 e5 9. dxe5 Nxe5 10. Nxe5 dxe5 11. Qxd8 Rxd8 12. Be3 Be6 13. b3 a6 14. Rac1 Nd7 15. Rfd1 f5 {[%emt 0:07:44] The position is equal.} 16. Na4 Bf6 17. Nb6 Nxb6 18. Bxb6 Rxd1+ 19. Rxd1 Kf7 20. e3 Ke8 21. Rd6 {[%emt 0:00:33] A rather calm draw.   Weighted Error Value: White=0.07 (flawless) /Black=0.07 (flawless) .  Inaccurate:     	---       	Black=1      OK:         	White=5     	Black=3} 1/2-1/2

[Event "CIS Master Groups 2024"]
[Site "Vasto"]
[Date "2024.04.12"]
[Round "7.24"]
[White "De Rosa, Mariagrazia Antoniet"]
[Black "Di Primio, Eugenia"]
[Result "1-0"]
[ECO "C70"]
[WhiteElo "2077"]
[BlackElo "1934"]
[Annotator "TA"]
[PlyCount "135"]
[EventDate "2024.04.07"]
[EventType "team-tourn"]
[EventCountry "ITA"]
[SourceTitle "playchess.com"]
[Source "ChessBase"]
[SourceQuality "1"]
[TimeControl "40/5400+30:900+30"]

1. e4 e5 2. Nf3 Nc6 3. Bb5 a6 4. Ba4 Nge7 5. c4 g6 6. d4 {[%emt 0:00:49] C70: Ruy Lopez: 3...a6 4 Ba4, Norwegian and Delayed Schliemann.} exd4 7. Nxd4 Bg7 8. Be3 Ne5 9. Qe2 $146 ({Predecessor:} 9. Bb3 d6 10. Nc3 O-O 11. O-O c5 12. Nc2 f5 13. Qd2 Be6 14. Rfd1 Nxc4 15. Qe2 {0-1 Kabisch,T (2347)-Romanov,E (2579) Wuerttemberg IM 2019 (4)}) 9... c5 10. Nb3 b5 11. cxb5 c4 12. Nd4 Qa5+ 13. Nc3 Nd3+ 14. Kf1 O-O 15. h4 f5 16. Nb3 Qc7 17. b6 Qd6 18. Na5 (18. Nd2 $5 fxe4 (18... Nxb2 $2 19. Nxc4 Qb4 20. Bb3 $18) 19. Nxc4 $14) 18... fxe4 (18... Qb4 19. Nxc4 fxe4 (19... Qxc4 $2 20. Bb3 $18) 20. Bb3 $16) 19. Nxc4 Qe6 {[%emt 0:03:23] [#]} 20. Kg1 $2 (20. Nxe4 $1 $14 {stays ahead.} Qxe4 (20... Qxc4 $2 21. Bb3 $18) 21. Bb3) 20... Kh8 (20... Qxc4 $2 21. Bb3 $18) (20... d5 $1 $17 21. Na5 Rb8) 21. Na5 $11 d5 22. Bb3 Qe5 (22... Rb8 $15) 23. b7 $11 Bxb7 $1 24. Nxb7 d4 {[%emt 0:00:29] [#]} 25. h5 $2 (25. Nxe4 $1 $14 {keeps the upper hand.} Qxe4 26. Nd6) 25... dxe3 $17 (25... dxc3 26. bxc3 (26. h6 $2 Bf6 $19) 26... Rab8 27. Bd4 $14 (27. h6 Bf6 $14)) 26. hxg6 $2 (26. fxe3 $17 Nf2 (26... Rf2 27. Qg4 $11) 27. h6 Nxh1 28. hxg7+ Kxg7 29. Kxh1) 26... exf2+ $19 27. Kf1 Nxg6 28. Rh5 (28. g3 $142 Rae8 (28... Qxg3 29. Nxe4 Qb8 30. Qxd3 $16) 29. Rd1) 28... Rf5 (28... Qe7 $142 29. Qe3 Bxc3 (29... Qxb7 $2 30. Bd5 $19) 30. bxc3 Ngf4 (30... Qxb7 $2 31. Rd1 $19)) 29. Rxf5 $19 {[%emt 0:00:18] [#]} (29. Nd6 $2 Qxd6 30. Rxf5 Qh2 31. Qxe4 Rd8 (31... Nxb2 32. Qxa8+ Bf8 33. Rxf8+ Kg7 34. Qa7+ Kh6 35. Qe3+) (31... Qg1+ $2 32. Ke2 $19) 32. Rxf2 Qh1+ (32... Nxf2 $2 33. Kxf2 Bd4+ 34. Ke2 $19) 33. Ke2 Qxa1 $19) 29... Qxf5 $4 (29... Qh2 $1 $19 {[%csl Gf2][%cal Rh2g1] and all is fine.} 30. Qxe4 Ngf4 31. Rxf4 Qg1+ 32. Ke2 Nxf4+ 33. Qxf4 Qxa1) 30. Nd6 $18 Ngf4 31. Nxf5 Nxe2 32. Kxe2 (32. Nxe2 Bf8 33. Neg3 Re8) 32... Nxb2 33. Nxe4 (33. Nxg7 Kxg7 34. Kxf2 Nd3+ 35. Ke3 Nc5) 33... Re8 34. Kf3 Nd3 35. Nxg7 Kxg7 36. Rf1 (36. Nxf2 Rf8+ 37. Kg3 Nxf2 $16) 36... Rf8+ 37. Ke3 Ne5 38. Bd1 (38. Rxf2 Ng4+ 39. Ke2 Nxf2 40. Nxf2 h5 $16) 38... Rd8 39. Be2 (39. Nxf2 Nc4+ 40. Kf4 Rd2 $18) 39... a5 40. Rxf2 Rb8 41. Rf5 Nc6 42. Rc5 Rb6 43. Rb5 Rxb5 44. Bxb5 Ne7 45. a4 Nd5+ 46. Kf3 h5 47. Nd6 h4 48. Nf5+ Kf6 49. Nxh4 Kg5 50. g3 Nc3 51. Bc6 Na2 52. Ng2 Nb4 53. Bb5 (53. Bd7 $142 Nd3 54. Bb5 (54. Ke3 Nc5 $18) 54... Nc5 55. Ne3 Kf6 56. Nc4 Nb3 57. Ke4 Ke6 58. Ne3 Nc5+ 59. Kd4 Nb3+ 60. Kc4 (60. Kc3 Nc5 $18) 60... Nd2+ 61. Kd3) 53... Nc2 54. Ne3 Nd4+ 55. Ke4 Nb3 56. Kf3 Nd4+ 57. Kg2 Nb3 58. Nc4 Kg4 59. Bd7+ Kg5 60. Kf3 Nc5 61. Bb5 (61. Bc6 $142 Nb3 62. Be4 Kf6 63. Ke3 Nc5 64. Bc2 (64. Nxa5 Nxa4 65. Nc4 Nc5 $18) 64... Ke7 65. Kd4 (65. Nxa5 Kd8 $18) 65... Ne6+ 66. Kd5) 61... Nb3 62. Nd6 Nd4+ 63. Ke3 Nc2+ 64. Kd2 (64. Kd3 $142 Nb4+ 65. Ke2 Nd5 66. Nc4 (66. Kf3 Kf6 $18) 66... Kg4 67. Kf2 (67. Nxa5 Kxg3 68. Kd3 Nb6 $18) 67... Kg5 68. Nxa5 Kf6 69. Nc4) 64... Nb4 $18 65. Bd7 Na6 66. Ne4+ Kg6 67. Kc3 Nb4 68. Kc4 1-0